 Dungeon Crawl Stone Soup version 0.26-a0-415-g2a9615731a (webtiles) character file.

Game seed: 1753041840627875692

44278 KleinerIrrer the Warrior (level 13, 127/127 HPs)
             Began as a Demonspawn Air Elementalist on Oct 24, 2019.
             Was a High Priest of Kikubaaqudgha.
             Got out of the dungeon alive.
             The game lasted 02:14:44 (30066 turns).

KleinerIrrer the Warrior (DsAE)                    Turns: 30066, Time: 02:14:45

Health: 127/127    AC: 15    Str:  8    XL:     13   Next: 95%
Magic:  32/32      EV: 18    Int: 21    God:    Kikubaaqudgha [*****.]
Gold:   1214       SH:  0    Dex: 15    Spells: 1/26 levels left

rFire    + . .     SeeInvis +   t - +4 quarterstaff (chaos)
rCold    + + .     Faith    .   (shield currently unavailable)
rNeg     + + .     Spirit   +   w - +1 leather armour of the Apprentice {rC+ MP+9 SInv}
rPois    +         Reflect  .   y - +2 hat
rElec    .         Harm     .   l - +2 cloak
rCorr    .         Clarity  +   H - +2 pair of gloves
MR       +++..                  I - +2 pair of boots
Stlth    ++........             n - amulet of the Four Winds {rN+ MR+++ Clar}
HPRegen  0.31/turn              S - ring of Dishonour {rPois rN+}
MPRegen  0.23/turn              Q - ring of protection from fire

@: studying Air Magic
A: hooves 2, cold resistance 1, robust 1, magic shield, sanguine armour 2
a: Receive Corpses, Torment, Renounce Religion


You escaped.
You worshipped Kikubaaqudgha.
Kikubaaqudgha was extremely pleased with you.
You visited 3 branches of the dungeon, and saw 18 of its levels.
You also visited: Ice Cave and Volcano.

You collected 1797 gold pieces.
You spent 583 gold pieces at shops.

Inventory:

Hand Weapons
 t - a +4 quarterstaff of chaos (weapon)
Missiles
 A - 7 javelins (quivered)
Armour
 l - a +2 cloak (worn)
 w - the +1 leather armour of the Apprentice (worn) {rC+ MP+9 SInv}
   (You found it on level 5 of the Dungeon)

   It protects you from cold.
   It affects your magic capacity (+9).
   It lets you see invisible.
 y - a +2 hat (worn)
 C - a +2 robe of resistance
 H - a +2 pair of gloves (worn)
 I - a +2 pair of boots (worn)
Magical Staves
 P - an uncursed staff of air
Jewellery
 a - an uncursed ring of wizardry
 n - the amulet of the Four Winds (around neck) {rN+ MR+++ Clar}
   (You found it on level 2 of the Lair of Beasts)

   [amulet of nothing]

   It protects you from negative energy.
   It affects your resistance to hostile enchantments.
   It protects you against confusion.
 x - an uncursed ring of resist corrosion
 O - a cursed amulet of inaccuracy {unknown}
 Q - a ring of protection from fire (right hand)
 S - the ring of Dishonour (left hand) {rPois rN+}
   (You found it on level 4 of the Lair of Beasts)

   [ring of positive energy]

   It protects you from poison.
   It protects you from negative energy.
Wands
 k - a wand of flame (28)
 m - a wand of random effects (21)
 p - a wand of iceblast (3)
 E - a wand of disintegration (13)
 G - a wand of enslavement (11)
 L - a wand of paralysis (13)
Scrolls
 d - 6 scrolls of teleportation
 f - 6 scrolls of amnesia
 g - 2 scrolls of fog
 h - a scroll of enchant weapon
 i - a scroll of remove curse
 q - 3 scrolls of noise
 s - a scroll of brand weapon {unknown}
 v - 2 scrolls of fear
 z - 3 scrolls of vulnerability
 N - a scroll of silence {unknown}
Potions
 b - 2 potions of lignification
 e - a potion of haste
 j - a potion of flight
 o - 5 potions of curing
 r - 6 potions of brilliance
 B - a potion of ambrosia
 D - a potion of might
 F - a potion of mutation
 K - a potion of heal wounds
 M - a potion of resistance
 R - a potion of invisibility {unknown}
 T - a potion of degeneration {unknown}
Books
 J - a manual of Air Magic
Comestibles
 c - 13 removed foods


   Skills:
 - Level 15.3 Fighting
 + Level 2.9 Armour
 + Level 9.9 Dodging
 - Level 2.1 Stealth
 + Level 7.1 Spellcasting
 - Level 1.0 Conjurations
 - Level 9.2 Necromancy
 * Level 11.0 Air Magic


You had one spell level left.
You knew the following spells:

 Your Spells              Type           Power        Failure   Level
a - Shock                 Conj/Air       ####         1%          1
b - Swiftness             Air            ######..     1%          2
c - Airstrike             Air            ######....   1%          4
d - Dispel Undead         Necr           #####...     2%          4
e - Animate Dead          Necr           #####.....   2%          4
f - Vampiric Draining     Necr           #####.....   1%          3
g - Dispel Undead         Necr           #####...     2%          4
h - Sublimation of Blood  Necr           #####.....   1%          2
i - Agony                 Necr           #####...     8%          5

Your spell library contained the following spells:

 Spells                   Type           Power        Failure   Level
 Animate Skeleton         Necr           #####.       1%          1
 Pain                     Necr           ####         1%          1
 Corona                   Hex            #......      12%         1
 Static Discharge         Conj/Air       ####....     3%          3
 Excruciating Wounds      Necr           #####.....   8%          5
 Slow                     Hex            #.......     19%         2
 Lightning Bolt           Conj/Air       ####......   28%         5
 Inner Flame              Hex/Fire       #.......     36%         3
 Portal Projectile        Hex/Tloc       #.....       36%         3
 Death Channel            Necr           #####.....   38%         6
 Cause Fear               Hex            #.........   77%         4
 Leda's Liquefaction      Hex/Erth       #.........   77%         4
 Bolt of Magma            Conj/Fire/Erth #.........   96%         5
 Simulacrum               Ice/Necr       ####......   96%         6
 Iron Shot                Conj/Erth      #.........   100%        6
 Statue Form              Tmut/Erth      #........    100%        6
 Shatter                  Erth           #.........   100%        9


Dungeon Overview and Level Annotations

Branches:
Dungeon (10/15)            Temple (0/1) D:4            Lair (6/6) D:9
  Swamp (0/4) Lair:3       Spider (0/4) Lair:3          Orc (2/2) D:9
  IceCv (visited)         Volcano (visited)
  Slime: Lair:5-6       Elf: Orc:2

Altars:
Ashenzari
Gozag
Hepliaklqana
Kikubaaqudgha
Zin
Beogh

Shops:
D:5 *   D:9 }}[*   Orc:2 }

Annotations:
Lair:3 exclusion: oklob plant
Lair:4 Rupert
Orc:2 Saint Roka


Innate Abilities, Weirdness & Mutations

You have hoof-like feet.
Your flesh is cold resistant. (rC+)
You are robust. (+10% HP)
When hurt, damage is shared between your health and your magic reserves.
When seriously injured, your bleeding wounds create thick armour. (AC +0)


Message History

There is a stone staircase leading down here.
There is a stone staircase leading up here.
You climb upwards.
There is a stone staircase leading down here.
You see here a dagger.
There is a stone staircase leading up here.
You climb upwards.
There is a stone staircase leading down here.
There is a stone staircase leading up, spattered with blood here.
You climb upwards.
There is a stone staircase leading down here.
There is a stone staircase leading up here.
You climb upwards.
There is a stone staircase leading down here.
There is an open door here.
You see here a robe.
There is a staircase leading out of the dungeon here.
You can't go down here!
Are you sure you want to leave the Dungeon?
This will make you lose the game!
You have escaped!

###...#.#.............#.........#
......#.#..........##..###.......
......#.#.##.........#.###.######
......#.#............+..........#
......#.####.........##.##.####.#
......#..............'.....# #.#
......#..###.........##....# #.#
.........# #######..###....# #.#
.........# ##...@#....###..# #.#
.........###.....#.....##..####.#
.........##.....###.....#........
.........##.....# #.....##.####.#
.........#.....## ##.....#.# #.#
##+##.#..#.....# #.....#.# #.#
##.##.#..#....[# #.....#.# #..
##.##.#..#.....## ##.....#.# ###
##.##.#..##.....# #.....##.#


There were no monsters in sight!

Vanquished Creatures
  Snorg (Orc:2)
  Harold (Lair:2)
  Josephine (Lair:4)
  A hydra (Lair:6)
  A dancing weapon (Lair:2)
  A two-headed ogre (D:9)
  Sonja (Orc:1)
  Nergalle (Lair:4)
  A fire crab (Lair:4)
  5 wizards (Volcano)
  Pikel (D:6)
  2 orc knights
  An orc sorcerer (Orc:2)
  2 ugly things (IceCv)
  4 toenail golems
  2 black mambas
  5 elephants
  3 ice statues (IceCv)
  10 cane toads
  A rime drake (Lair:4)
  7 komodo dragons
  2 ice devils (Lair:2)
  3 trolls (Orc:1)
  A polar bear (Lair:2)
  8 blink frogs (Lair:1)
  7 hippogriffs
  6 dream sheep
  A redback (Lair:3)
  3 wraiths (Lair:4)
  A spriggan (D:7)
  16 yaks
  3 fire bats (Lair:3)
  4 basilisks
  A removed hungry ghost (D:7)
  3 wargs
  Edmund (D:4)
  A swamp worm (Lair:3)
  10 water moccasins
  Duvessa (D:7)
  21 orc warriors
  8 porcupines
  A sky beast (D:8)
  7 ice beasts
  4 removed slaves
  3 black bears
  A phantom (D:9)
  8 ogres
  5 centaurs
  13 crocodiles
  14 bullfrogs
  Dowan (D:7)
  A scorpion (D:9)
  9 killer bees
  4 wights (D:7)
  An electric eel (Lair:3)
  2 howler monkeys (D:9)
  A centaur zombie (D:8)
  3 crimson imps
  A jelly (D:10)
  Crazy Yiuf (D:4)
  A centaur skeleton (D:8)
  14 orc priests
  3 hounds
  22 orc wizards
  A bullfrog skeleton (D:5)
  5 iguanas
  Natasha (thrice) (D:2)
  6 worker ants
  A hound zombie (D:6)
  A hound skeleton (D:5)
  15 gnolls
  13 adders
  3 shadow imps
  3 oozes
  An adder skeleton (D:8)
  5 worms
  2 dart slugs (D:1)
  4 leopard geckos
  97 orcs
  9 bats
  7 giant cockroaches
  7 goblins
  6 hobgoblins
  22 jackals
  3 quokkas
  2 ball pythons
  6 frilled lizards
  A jackal zombie (D:6)
  10 kobolds
  2 leopard gecko skeletons
  A leopard gecko zombie (D:8)
  A quokka zombie (D:7)
  10 rats
520 creatures vanquished.

Vanquished Creatures (collateral kills)
  4 hydras
  An orc knight (D:9)
  A necromancer (Lair:3)
  A black mamba (Lair:4)
  A troll (D:9)
  A tyrant leech (Lair:3)
  2 wraiths (Lair:4)
  A spriggan (Lair:3)
  A swamp worm (Lair:3)
  2 elephant zombies (Lair:3)
  A crocodile (Lair:4)
  A komodo dragon zombie (Lair:3)
  2 orcs
  A bush (Lair:4)
20 creatures vanquished.

Vanquished Creatures (others)
  A toenail golem (Volcano)
  An elephant (Lair:2)
  A bush (D:9)
  28 fungi
  16 plants
47 creatures vanquished.

Grand Total: 587 creatures vanquished

Notes
Turn   | Place    | Note
-------+----------+-------------------------------------------
     0 | D:1      | KleinerIrrer the Demonspawn Air Elementalist began the
                  | quest for the Orb.
     0 | D:1      | Reached XP level 1. HP: 13/13 MP: 3/3
   268 | D:1      | Gained mutation: When seriously injured, your bleeding
                  | wounds create armour. (AC +0) [demonic ancestry]
   268 | D:1      | Reached XP level 2. HP: 17/19 MP: 0/5
   866 | D:1      | Reached XP level 3. HP: 25/25 MP: 3/6
  1167 | D:2      | Noticed Natasha
  1176 | D:2      | Killed Natasha
  1176 | D:2      | Reached skill level 1 in Fighting
  1373 | D:2      | Gained mutation: Your flesh is cold resistant. (rC+)
                  | [demonic ancestry]
  1373 | D:2      | Reached XP level 4. HP: 25/32 MP: 3/8
  1569 | D:2      | Noticed Natasha
  1583 | D:2      | Killed Natasha
  1587 | D:2      | Learned a level 2 spell: Swiftness
  1760 | D:2      | Noticed Natasha
  1781 | D:2      | Killed Natasha
  1956 | D:2      | Gained mutation: You have large cloven feet. [demonic
                  | ancestry]
  1956 | D:2      | Reached XP level 5. HP: 32/37 MP: 4/9
  2309 | D:2      | Reached skill level 2 in Fighting
  2395 | D:2      | Found a faded altar of an unknown god.
  2445 | D:2      | Became a worshipper of Kikubaaqudgha
  2445 | D:2      | Reached * piety under Kikubaaqudgha
  2445 | D:2      | Identified Kikubaaqudgha's Papyrus of Darkness
                  | (Kikubaaqudgha gifted it to you on level 2 of the Dungeon)
  2445 | D:2      | Received a gift from Kikubaaqudgha
  3368 | D:3      | Gained mutation: When seriously injured, your bleeding
                  | wounds create thick armour. (AC +0) [demonic ancestry]
  3368 | D:3      | Reached XP level 6. HP: 33/44 MP: 9/11
  4049 | D:4      | Noticed Edmund
  4094 | D:3      | HP: 1/44 [iguana (4)]
  4218 | D:3      | Reached ** piety under Kikubaaqudgha
  4353 | D:3      | Found a hazy altar of Hepliaklqana.
  4566 | D:4      | Killed Edmund
  4708 | D:4      | Found an opulent altar of Gozag.
  4880 | D:4      | Noticed a slave
  4881 | D:4      | Noticed a slave
  4881 | D:4      | Noticed a slave
  4881 | D:4      | Noticed a slave
  4897 | D:4      | Killed a slave
  4913 | D:3      | Killed a slave
  5098 | D:4      | Gained mutation: When hurt, damage is shared between your
                  | health and your magic reserves. [demonic ancestry]
  5098 | D:4      | Reached XP level 7. HP: 51/51 MP: 9/13
  5387 | D:4      | Noticed Pikel
  5518 | D:4      | Found a runed translucent door.
  5519 | D:4      | Noticed Crazy Yiuf
  5531 | D:4      | Killed Crazy Yiuf
  5738 | D:4      | Reached skill level 3 in Fighting
  5894 | D:4      | Reached skill level 5 in Spellcasting
  5894 | D:4      | Reached skill level 5 in Air Magic
  5991 | D:4      | Learned a level 4 spell: Airstrike
  6057 | D:4      | Found a staircase to the Ecumenical Temple.
  6088 | D:4      | Found a glowing silver altar of Zin.
  6122 | D:5      | Entered Level 5 of the Dungeon
  6152 | D:5      | Found Naloas Waqen's Assorted Antiques.
  6162 | D:5      | Bought a glowing cloak for 247 gold pieces
  6299 | D:5      | Got a jewelled leather armour
  6313 | D:5      | Identified the +1 leather armour of the Apprentice {rC+
                  | MP+9 SInv} (You found it on level 5 of the Dungeon)
  6657 | D:5      | Reached skill level 1 in Armour
  6844 | D:6      | Gained mutation: You have hoof-like feet. [demonic
                  | ancestry]
  6844 | D:6      | Reached XP level 8. HP: 60/60 MP: 15/15
  6902 | D:6      | Killed Pikel
  6902 | D:6      | Reached skill level 4 in Fighting
  7490 | D:6      | Reached *** piety under Kikubaaqudgha
  7490 | D:6      | Identified Kikubaaqudgha's Guide on Unholy Secrets
                  | (Kikubaaqudgha gifted it to you on level 6 of the Dungeon)
  7490 | D:6      | Received a gift from Kikubaaqudgha
  7599 | D:6      | Reached skill level 5 in Fighting
  7981 | D:7      | Gained mutation: You are robust. (+10% HP) [demonic
                  | ancestry]
  7981 | D:7      | Reached XP level 9. HP: 62/74 MP: 13/16
  8493 | D:7      | Reached skill level 6 in Fighting
  8562 | D:7      | Reached **** piety under Kikubaaqudgha
  8612 | D:7      | Reached skill level 7 in Fighting
  8806 | D:7      | Noticed Dowan
  8807 | D:7      | Noticed Duvessa
  8813 | D:7      | Killed Duvessa
  8826 | D:7      | Killed Dowan
  8954 | D:7      | Found an ancient bone altar of Kikubaaqudgha.
  9353 | D:8      | Reached skill level 8 in Fighting
  9417 | D:8      | Reached skill level 5 in Dodging
  9522 | D:8      | Reached skill level 1 in Necromancy
  9618 | D:8      | Reached XP level 10. HP: 81/90 MP: 12/17
  9742 | D:8      | Found a shattered altar of Ashenzari.
  9848 | D:8      | Learned a level 7 spell: Regeneration
 10014 | D:9      | Reached ***** piety under Kikubaaqudgha
 10025 | D:9      | Reached skill level 9 in Fighting
 10246 | D:9      | Found Unostoq's Armour Emporium.
 10274 | D:9      | Bought a +2 pair of gloves for 264 gold pieces
 10280 | D:9      | Found Ickidoc's Assorted Antiques.
 10347 | D:9      | Bought a +0 pair of boots for 72 gold pieces
 10529 | D:9      | Found a staircase to the Orcish Mines.
 10551 | D:9      | Found Darch's Gadget Emporium.
 10905 | D:9      | Reached skill level 10 in Fighting
 11067 | D:9      | Found a staircase to the Lair.
 11137 | D:9      | Found Vettul's Gadget Boutique.
 11298 | Lair:1   | Entered Level 1 of the Lair of Beasts
 11408 | Lair:1   | Noticed a spiny frog
 11413 | Lair:1   | Killed a spiny frog
 11765 | Lair:1   | Reached skill level 11 in Fighting
 11765 | Lair:1   | Reached XP level 11. HP: 67/102 MP: 14/18
 12869 | Lair:2   | Found the amulet of the Four Winds {rN+ MR+++ Clar}
 12883 | Lair:2   | Reached skill level 5 in Necromancy
 12994 | Lair:2   | Found a frozen archway.
 13019 | Lair:2   | HP: 7/156 [poisoned by a spiny frog]
 13020 | Lair:2   | HP: 3/156 [ice devil (4)]
 13021 | Lair:2   | Reached skill level 12 in Fighting
 13023 | Lair:2   | HP: 1/156 [poisoned by a spiny frog]
 13179 | IceCv    | Entered an ice cave
 13230 | IceCv    | Got an ancient halberd
 13238 | IceCv    | Noticed a white ugly thing
 13250 | IceCv    | Killed a white ugly thing
 13377 | IceCv    | Identified the cursed +0 halberd "Killer Klown's Doom"
                  | {flame, +Blink rPois Str-3 Stlth-} (You found it in an ice
                  | cave)
 14138 | IceCv    | Noticed a white ugly thing
 14503 | IceCv    | Killed a white ugly thing
 15472 | Lair:2   | Reached skill level 13 in Fighting
 15517 | Lair:2   | Noticed a seven-headed hydra
 15818 | Lair:2   | Reached XP level 12. HP: 115/115 MP: 3/19
 16409 | Lair:2   | Learned a level 4 spell: Animate Dead
 16473 | Lair:2   | Killed a seven-headed hydra
 16495 | Lair:2   | Noticed Harold
 16515 | Lair:2   | Killed Harold
 16760 | Lair:3   | Found a dark tunnel.
 16844 | Volcano  | Entered a volcano
 16880 | Volcano  | Reached skill level 14 in Fighting
 17924 | Lair:3   | Found a hole to the Spider Nest.
 18177 | Lair:3   | Noticed a five-headed hydra
 18183 | Lair:3   | Killed a five-headed hydra
 18804 | Lair:3   | Noticed a six-headed hydra
 18812 | Lair:3   | Killed a six-headed hydra
 19041 | Lair:3   | Reached XP level 13. HP: 80/125 MP: 3/20
 19190 | Lair:3   | Upgraded the game from 0.25-a0-50-gf0389da217 to
                  | 0.25-a0-58-g9dd530fc12
 19567 | Lair:4   | Reached skill level 15 in Fighting
 19802 | Lair:4   | Noticed Nergalle
 19823 | Lair:4   | Killed Nergalle
 21628 | Lair:4   | Upgraded the game from 0.25-a0-58-g9dd530fc12 to
                  | 0.25-a0-87-ga3d287bc14
 21750 | Lair:4   | Noticed Josephine
 21983 | Lair:3   | Learned a level 3 spell: Vampiric Draining
 22098 | Lair:3   | Upgraded the game from 0.25-a0-87-ga3d287bc14 to
                  | 0.25-a0-263-g9d16a9d099
 22098 | Lair:3   | Upgraded the game from 0.25-a0-263-g9d16a9d099 to
                  | 0.25-a0-362-g90ccd6aac3
 22149 | Lair:4   | Killed Josephine
 22369 | Lair:4   | Got a flickering lead ring
 22393 | Lair:4   | Noticed Rupert
 22642 | Lair:4   | Upgraded the game from 0.25-a0-362-g90ccd6aac3 to
                  | 0.26-a0-376-g13fbb91ece
 23143 | Lair:5   | Learned a level 4 spell: Dispel Undead
 23792 | Lair:6   | Entered Level 6 of the Lair of Beasts
 24009 | Lair:5   | Identified the ring of Dishonour {rPois rN+} (You found it
                  | on level 4 of the Lair of Beasts)
 24783 | Orc:1    | Entered Level 1 of the Orcish Mines
 25196 | D:9      | Upgraded the game from 0.26-a0-376-g13fbb91ece to
                  | 0.26-a0-412-ga3d1f51b80
 25317 | D:9      | Learned a level 2 spell: Sublimation of Blood
 26415 | Orc:1    | Noticed Sonja
 26417 | Orc:1    | Killed Sonja
 26580 | Orc:2    | Entered Level 2 of the Orcish Mines
 26585 | Orc:2    | Noticed Snorg
 26592 | Orc:2    | Killed Snorg
 26938 | Orc:2    | Reached skill level 10 in Air Magic
 27742 | Orc:2    | Found a roughly hewn altar of Beogh.
 27913 | Orc:2    | Found a roughly hewn altar of Beogh.
 28058 | Orc:2    | Found a roughly hewn altar of Beogh.
 28059 | Orc:2    | Found Golil's Gadget Boutique.
 28106 | Orc:2    | Found a roughly hewn altar of Beogh.
 28230 | Orc:2    | Found a roughly hewn altar of Beogh.
 28392 | Orc:2    | Noticed an orc warlord
 28692 | Orc:2    | Found a roughly hewn altar of Beogh.
 29186 | Orc:2    | Noticed Saint Roka
 29465 | D:10     | Entered Level 10 of the Dungeon
 29576 | D:9      | Learned a level 5 spell: Agony
 29907 | D:9      | Upgraded the game from 0.26-a0-412-ga3d1f51b80 to
                  | 0.26-a0-415-g2a9615731a
 30066 | D:$      | Got out of the dungeon alive.

Illustrated notes

Levels and vault maps discovered:
D:1:      minmay_arrival_loop, layout_basic
D:2:      layout_basic, chequers_ecumenical_altar_lobes, uniq_natasha
D:3:      layout_rooms, old_standard_altar, first_ration, minmay_diced_spiral
D:4:      layout_loops_cross, kennysheep_little_box,
          minmay_temple_entry_enclosed_plants, nicolae_gozag_seed_capital,
          uniq_crazy_yiuf_cottage, uniq_pikel, uniq_edmund
D:5:      layout_basic, serial_shops, shop
D:6:      layout_gridville
D:7:      layout_rooms, lemuel_coloured_pillars_altar, the_bakery, uniq_duvessa
D:8:      layout_basic, old_standard_altar
D:9:      layout_rooms, minmay_lair_entry_grove, hiddenorc1_lemuel,
          serial_shops, shop, nicolae_shop_statue_plus, shop, shop
D:10:     layout_small_grid
Lair:1:   layout_loops_ring
Lair:2:   layout_regular_city, portal_ice_cave_demonic_guard,
          lemuel_fruit_fields, uniq_harold
Lair:3:   pond_and_an_island_with_a_cottage, layout_gridlike,
          palyth_hydra_swamp_entry, spider_nest_entry_a,
          nicolae_volcano_entry_batcave, serial_bayou_shore_b
Lair:4:   layout_loops_ring, grunt_forest_large_clearing_hut, uniq_rupert,
          uniq_nergalle, uniq_josephine
Lair:5:   layout_roguey, grunt_megastairs_2
Lair:6:   grunt_lair_end_beastmaster, layout_regular_city,
          minmay_slime_entry_pillars, basic_altar
Orc:1:    cheibrodos_orc_arena, layout_diamond_mine, uniq_sonja
Orc:2:    grunt_orc_community_town_hall, layout_caves,
          grunt_orc_community_big_house_1, grunt_orc_community_big_house_2,
          grunt_orc_community_house_2, grunt_orc_community_house_3,
          grunt_orc_community_house_2, grunt_orc_community_house_3,
          grunt_orc_community_house_2, grunt_orc_community_house_1, uniq_snorg

Skill      XL: |  1  2  3  4  5  6  7  8  9 10 11 12 13 |
---------------+----------------------------------------+-----
Dodging        | 2 3 5 6 8 9 |  9.9
Stealth        | 2 |  2.1
Air Magic      | 3 4 5 7 8 11 | 11.0
Fighting       | 1 2 3 5 8 11 13 14 15 | 15.3
Spellcasting   | 3 4 5 7 |  7.1
Armour         | 1 2 |  2.9
Necromancy     | 1 4 6 7 9 |  9.2
Conjurations   | |  1.0

Action                   |  1- 3 |  4- 6 |  7- 9 | 10-12 | 13-15 || total
-------------------------+-------+-------+-------+-------+-------++-------
Melee: Short sword       |     1 |       |       |       |       ||     1
       Unarmed           |     1 |       |       |       |       ||     1
       Dagger            |    15 |    26 |    19 |       |       ||    60
       Kick              |       |     7 |    32 |     9 |       ||    48
       Quarterstaff      |       |       |   168 |   670 |   165 ||  1003
       Staff             |       |       |       |       |    12 ||    12
Throw: Javelin           |       |       |     5 |       |       ||     5
 Cast: Shock             |    58 |   207 |   104 |   121 |    20 ||   510
       Swiftness         |       |     2 |       |     2 |       ||     4
       Airstrike         |       |       |    67 |   174 |   269 ||   510
       Regeneration      |       |       |       |     2 |       ||     2
       Animate Dead      |       |       |       |    10 |    19 ||    29
       Vampiric Draining |       |       |       |       |    36 ||    36
       Sublimation of Bl |       |       |       |       |    35 ||    35
Invok: Receive Corpses   |       |       |       |     7 |    11 ||    18
Evoke: Wand              |       |       |       |     3 |     8 ||    11
  Use: Scroll            |       |     5 |     5 |    13 |    13 ||    36
       Potion            |       |     2 |       |     8 |     3 ||    13
 Stab: Sleeping          |       |     1 |     2 |     2 |       ||     5
       Petrified         |       |       |     1 |     5 |     5 ||    11
       Petrifying        |       |       |     1 |     2 |       ||     3
       Paralysed         |       |       |       |    26 |     2 ||    28
       Distracted        |       |       |       |     1 |       ||     1
  Eat: Removed food      |     2 |     8 |    25 |    29 |    18 ||    82
       Removed food      |       |     1 |       |    10 |     2 ||    13
Armor: Robe              |     8 |    27 |     1 |    53 |       ||    89
       Leather armour    |       |       |    70 |   236 |   121 ||   427
Dodge: Dodged            |    22 |    97 |   163 |   610 |   388 ||  1280

Table legend: (Time is in decaauts)
 A = Elapsed time spent in this place.
 B = Non-inter-level travel time spent in this place.
 C = Inter-level travel time spent in this place.
 D = Time resting spent in this place.
 E = Time spent auto-exploring this place.
 F = Levels seen in this place.
 G = Mean time per level.
                   A        B        C        D        E       F      G
               +--------+--------+--------+--------+--------+-----+--------+
         Total |  30390 |  28800 |   1590 |  12721 |   9819 |  20 | 1519.5 |
       Dungeon |  12674 |  11819 |    855 |   4315 |   4840 |  10 | 1267.4 |
          Lair |  11523 |  10969 |    554 |   5690 |   3099 |   6 | 1920.5 |
  Orcish Mines |   4064 |   3884 |    180 |   1332 |   1880 |   2 | 2032.0 |
      Ice Cave |   1483 |   1483 |      0 |   1083 |      0 |   1 | 1483.0 |
       Volcano |    644 |    644 |      0 |    301 |      0 |   1 |  644.0 |
               +--------+--------+--------+--------+--------+-----+--------+

Top non-repeatable levels by time:
   Orc:2: 2112 daAuts
   Orc:1: 1612 daAuts
     D:9: 864 daAuts
    D:10: 160 daAuts
     D:1: 41 daAuts
     D:7: 18 daAuts
     D:6: 17 daAuts
     D:5: 17 daAuts
     D:8: 15 daAuts
     D:2: 15 daAuts
     D:3: 13 daAuts
     D:4: 8 daAuts
Note: time per level data comes from an upgraded game and may be incomplete.
